 Dungeon Crawl Stone Soup version 0.18-a0-1730-g73f0523 (webtiles) character file.

298931 M4edhros the Comforter (level 20, -3/93 HPs)
             Began as a Felid Chaos Knight on Apr 8, 2016.
             Was a Follower of Elyvilon.
             Slain by a cyan ugly thing (9 damage)
             ... on level 2 of the Depths on Apr 10, 2016.
             The game lasted 05:02:32 (102915 turns).

M4edhros the Comforter (Felid Chaos Knight)       Turns: 102915, Time: 05:02:33

Health: -3/93      AC: 10    Str:  8    XL:     20   Next: 13%
Magic:  0/37       EV: 36    Int: 23    God:    Elyvilon [*.....]
Gold:   1765       SH:  0    Dex: 21    Spells: 11 memorised, 2 levels left
                                        Lives:  0   Deaths: 6

rFire  + + .     SeeInvis +       - Unarmed
rCold  + + .     Gourm    .     (armour unavailable)
rNeg   + . .     Faith    .     (shield unavailable)
rPois  +         Spirit   +     (helmet unavailable)
rElec  .         Dismiss  .     (cloak unavailable)
rCorr  .         Reflect  .     (gloves unavailable)
SustAt .         Harm     .     (boots unavailable)
MR     ++++.     Clarity  +     g - amulet of Taorag {Spirit rF+ SInv}
Stlth  ++++++++.. Rnd*Tele +    M - ring "Xuova" {rN+ Int+4 Slay+4}
                                t - +5 ring of slaying

@: quick, incredibly resistant to hostile enchantments, extraordinarily stealthy
A: no armour, no weapons or thrown items, claws 1, fangs 3, horns 1, icy blue
scales 1, rough black scales 1, yellow scales 1, see invisible, agile 1,
carnivore 3, clarity, cold resistance 1, fire resistance 1, speed 1, magic
resistance 1, poison resistance, shaggy fur 3, slow metabolism 1, teleportitis
1, sharp paws
a: Lesser Healing, Divine Protection, Renounce Religion
}: 2/15 runes: decaying, serpentine


You were on level 2 of the Depths.
You worshipped Elyvilon.
Elyvilon was aware of your devotion.
You were not hungry.

You visited 9 branches of the dungeon, and saw 43 of its levels.
You also visited: Labyrinth, Trove, Ice Cave and Wizlab.

You collected 4567 gold pieces.
You spent 699 gold pieces at shops.
You donated 2103 gold pieces to Zin.

Inventory:

Jewellery
 d - a +5 ring of strength
 g - the amulet of Taorag (around neck) {Spirit rF+ SInv}
   (You took it off a deep elf archer on level 3 of the Elven Halls)

   [amulet of guardian spirit]

   It causes incoming damage to be split between your health and magic.
   It protects you from fire.
   It lets you see invisible.
 n - an uncursed ring of ice
 t - a +5 ring of slaying (left paw)
 M - the ring "Xuova" (right paw) {rN+ Int+4 Slay+4}
   (You found it in a wizard's laboratory)

   [ring of positive energy]

   It affects your intelligence (+4).
   It affects your accuracy and damage with ranged weapons and melee attacks
   (+4).
   It protects you from negative energy.
 N - a +5 ring of protection
 V - an uncursed ring of protection from fire
Wands
 r - a wand of paralysis (0/24)
 H - a wand of teleportation (7/9)
 K - a wand of teleportation (5/9)
 L - a wand of acid (4/15)
 S - a wand of disintegration (17/24)
 T - a wand of digging (4/24)
 W - a wand of disintegration (4/24)
Scrolls
 e - 3 scrolls of fear
 i - 5 scrolls of immolation
 m - 6 scrolls of teleportation
 o - a scroll of remove curse
 q - 6 scrolls of recharging
 w - 7 scrolls of fog
 y - 8 scrolls of summoning
 O - a scroll of magic mapping
Potions
 c - 4 potions of curing
 f - 7 potions of ambrosia
 h - 3 potions of resistance
 j - 2 potions of agility
 k - 12 potions of flight
 p - 3 potions of magic
 s - a potion of invisibility
 u - a potion of heal wounds
 x - 4 potions of berserk rage
 z - 6 potions of might
 A - 4 potions of brilliance
 B - 2 potions of cancellation
 D - 2 potions of cure mutation
 Z - 2 potions of haste
Miscellaneous
 b - a disc of storms
 l - a crystal ball of energy
 v - a phantom mirror
 E - a fan of gales (inert)
 Y - a stone of tremors (inert)
Comestibles
 a - 23 meat rations
 C - 3 beef jerkies


   Skills:
 - Level 13.2 Fighting
 + Level 18.5 Dodging
 - Level 16.8 Stealth
 - Level 12.2 Unarmed Combat
 + Level 9.2 Spellcasting
 - Level 5.6 Conjurations
 - Level 15.1 Hexes
 - Level 5.6 Summonings
 - Level 12.3 Translocations
 - Level 4.7 Air Magic
 - Level 4.0 Poison Magic
 * Level 24.7 Invocations
 - Level 10.4 Evocations


You had 2 spell levels left.
You knew the following spells:

 Your Spells              Type           Power        Failure   Level  Hunger
a - Tukima's Dance        Hex            ######..     1%          3    None
b - Dazzling Spray        Conj/Hex       ######..     1%          3    None
c - Passage of Golubria   Tloc           N/A          1%          4    ##.....
d - Confuse               Hex            ######..     1%          3    None
e - Cause Fear            Hex            ######....   1%          4    ##.....
f - Gell's Gravitas       Hex/Tloc       ######....   1%          3    None
g - Inner Flame           Hex/Fire       #####...     1%          3    None
h - Summon Forest         Summ/Tloc      ######....   6%          5    ####...
i - Mephitic Cloud        Conj/Pois/Air  ####....     2%          3    None
j - Repel Missiles        Chrm/Air       ###...       3%          2    None
k - Shroud of Golubria    Chrm/Tloc      #####.....   1%          2    None


Dungeon Overview and Level Annotations

Branches:
Dungeon (15/15)            Temple (1/1) D:4            Lair (8/8) D:11
  Swamp (4/4) Lair:3        Snake (4/4) Lair:5        Slime (0/6) Lair:8
    Orc (2/2) D:10            Elf (3/3) Orc:2        Vaults (4/5) D:13
  Crypt (0/3) Vaults:2     Depths (2/5) D:15

Altars:
Ashenzari
Cheibriados
Dithmenos
Elyvilon
Fedhas
Gozag
Kikubaaqudgha
Makhleb
Nemelex Xobeh
Okawaru
Pakellas
Qazlal
Ru
Sif Muna
Trog
Vehumet
Xom
Yredelemnul
Zin
The Shining One
Beogh

Shops:
D:9 %   D:10 *}?   Orc:2 [((}(   Elf:1 *   Vaults:1 (   Vaults:2 [

Portals:
Hell: Depths:1 Depths:2
Abyss: Depths:1
Pandemonium: Depths:1
Ziggurat: Depths:2

Annotations:
Elf:2 3 runed doors
Vaults:2 Sojobo
Vaults:4 Jory


Innate Abilities, Weirdness & Mutations

You cannot wear armour.
You are incapable of wielding weapons or throwing items.
You have sharp claws.
You have razor-sharp teeth.
You have supernaturally acute eyesight.
You are carnivorous and can eat meat at any time.
You cover ground quickly.
Your thick and shaggy fur keeps you warm (AC +3, rC+).
You have a slow metabolism.
Your sharp claws are effective at attacking unaware monsters.
You have a pair of small horns on your head.
You are partially covered in icy blue scales (AC +1).
You are partially covered in rough black scales (AC +4, Dex -1).
You are partially covered in yellow scales (AC +2).
You are agile. (Dex +2)
You possess an exceptional clarity of mind.
Your flesh is cold resistant.
Your flesh is heat resistant.
You are resistant to hostile enchantments.
Your system is resistant to poisons.
You are occasionally teleported next to monsters.


Message History

Aim: a fire dragon (water, catching its breath, chance to defeat MR: 32%)
The fire dragon easily resists.
This wand has 0 charges left.
The cyan ugly thing completely misses you.
Evoke which item? (* to show all) (? for menu, Esc to quit)
This wand has no charges.
Casting: Confuse
Confirm with . or Enter, or press ? or * to list all spells.
Aiming: Confuse
Press: ? - help, Shift-Dir - straight line, f/p - fire dragon
Aim: a fire dragon (catching its breath, chance to defeat MR: 47%)
The fire dragon appears confused.
The cyan ugly thing completely misses you.
You are too injured to fight recklessly!
You closely miss the cyan ugly thing. You headbutt the cyan ugly thing.
You claw the cyan ugly thing.
The cyan ugly thing is lightly wounded.
The cyan ugly thing headbutts you.
* * * LOW HITPOINT WARNING * * *
The cyan ugly thing shocks you!
You die...

###....%. ###....>...
#######..........
#................
#..#.##..........
#......##........ #####
##..D≈.......###.. #####...#
##.u.≈≈≈...###..... ....#...##
#.@.≈≈≈≈≈...##..... .........#
#..≈≈≈∩≈≈≈......u.. .....#...#
#...≈≈≈≈≈........u. .........#
###...≈≈≈...b.......
.....((.######......≈......##.u.(
.......((...##...#.....## #...u.
###.........##......#### #.....
####.....(........##♣♣♣# #.....
##....)..........♣♣...♣##(....


You could see a fire dragon (confused) and a cyan ugly thing.

Vanquished Creatures
  Mara (Swamp:4)
  the Lernaean hydra (Swamp:4)
  Vashnia (Snake:2)
  A caustic shrike (Depths:2)
  A mutant beast (WizLab)
  Jorgrun (Swamp:3)
  Rupert (Lair:4)
  Asterion (Vaults:1)
  A deep elf blademaster (Elf:3)
  2 sphinxes
  5 thorn hunters
  A tengu reaver (Vaults:2)
  A storm dragon (Vaults:2)
  Roxanne (Elf:1)
  12 greater nagas
  5 frost giants
  4 deep elf sorcerers (Elf:3)
  The ghost of AmuletOfHam the Martial Artist, an adept OpTm of Cheibriados (Swamp:1)
  Donald (Orc:2)
  11 vault wardens
  2 orc warlords
  A ghost moth (shapeshifter) (Vaults:4)
  Louise (Swamp:3)
  Aizul (Snake:2)
  5 deep elf elementalists (Elf:3)
  14 ironheart preservers
  A ghoul (Vaults:3)
  13 very ugly things
  8 stone giants
  A vampire knight (Vaults:2)
  6 deep elf demonologists
  Nessos (D:12)
  9 deep elf annihilators
  A salamander stormcaller (Vaults:3)
  2 spark wasps (Depths:1)
  13 vault guards
  Snorg (Lair:7)
  A minotaur (Lab)
  9 deep elf death magi
  An ettin (Depths:2)
  2 blizzard demons (IceCv)
  12 crystal guardians
  A great orb of eyes (Vaults:1)
  4 fire dragons
  Josephine (Orc:2)
  A great orb of eyes (shapeshifter) (Elf:3)
  3 deep elf high priests (Elf:3)
  Harold (D:11)
  5 yaktaur captains
  An entropy weaver (Depths:1)
  34 naga warriors
  A rakshasa (Depths:2)
  Fannar (Lair:1)
  18 hydras
  7 ice dragons
  7 centaur warriors
  6 anacondas
  22 alligators
  13 ogre magi
  3 death knights
  2 tengu warriors
  4 deep troll shamans
  8 shock serpents
  The ghost of namelastname112 the Destroyer, a journeyman DEMo of Vehumet (D:12)
  Urug (Lair:4)
  An iron golem (WizLab)
  A vampire mage (Depths:2)
  3 deep troll earth magi (Depths:1)
  4 orc high priests
  A death yak (Lair:5)
  Sonja (D:14)
  16 deep elf knights
  6 large abominations
  28 naga sharpshooters
  A hell knight (Depths:2)
  4 skeletal warriors
  A storm dragon skeleton (Vaults:3)
  4 salamander mystics
  6 unseen horrors
  A sea snake (shapeshifter) (Depths:2)
  A flayed ghost (Depths:1)
  An unseen horror (shapeshifter) (Vaults:4)
  24 deep trolls
  9 hill giants
  10 swamp dragons
  5 wizards
  12 naga ritualists
  Pikel (D:7)
  3 harpies (Vaults:4)
  18 deep elf archers
  16 orc knights
  21 ironbrand convokers
  A harpy (shapeshifter) (WizLab)
  6 necromancers
  2 phantasmal warriors
  6 shambling mangroves
  60 deep elf magi
  An orb spider (shapeshifter) (WizLab)
  6 wolf spiders
  10 mana vipers
  4 orc sorcerers
  47 ugly things
  5 griffons
  20 salamanders
  A manticore (D:12)
  A hornet (shapeshifter) (WizLab)
  7 cyclopes
  A frost giant zombie (Vaults:2)
  An oklob plant (Swamp:3)
  An octopode (shapeshifter) (Vaults:4)
  A manticore (shapeshifter) (WizLab)
  3 ice statues (IceCv)
  2 centaur zombies
  50 black mambas
  17 elephants
  A smoke demon (Depths:1)
  A moth of wrath (shapeshifter) (WizLab)
  A guardian serpent (shapeshifter) (WizLab)
  7 guardian serpents
  2 spiny frogs (shapeshifter) (WizLab)
  14 vault sentinels
  A black mamba (shapeshifter) (Depths:1)
  A fire giant skeleton (Vaults:2)
  18 naga magi
  A torpor snail (Lair:5)
  A rime drake (shapeshifter) (Elf:2)
  3 rime drakes
  2 gargoyles (D:12)
  25 spiny frogs
  A human zombie (Vaults:3)
  9 ice devils (IceCv)
  6 spriggan druids
  8 komodo dragons
  3 freezing wraiths
  36 yaktaurs
  6 tengu conjurers
  A troll (shapeshifter) (WizLab)
  A redback zombie (Vaults:3)
  A yaktaur skeleton (Vaults:3)
  A queen bee (shapeshifter) (Elf:2)
  2 jumping spiders (shapeshifter) (WizLab)
  7 polar bears (Lair:8)
  5 trolls
  6 giant leeches
  16 two-headed ogres
  4 boulder beetles
  18 blink frogs
  14 bog bodies
  An ettin zombie (Vaults:2)
  17 slime creatures
  A snapping turtle (shapeshifter) (WizLab)
  3 air elementals (Elf:2)
  5 tarantellas (shapeshifter)
  70 yaks
  6 redbacks
  4 water elementals
  23 spriggans
  3 humans (shapeshifter)
  A tarantella (Vaults:3)
  4 wyverns
  A wyvern (shapeshifter) (Vaults:4)
  4 dire elephant simulacra (IceCv)
  4 shadows
  9 wraiths
  9 hippogriffs
  2 basilisks
  2 yaks (shapeshifter)
  2 spriggans (shapeshifter)
  A hog (shapeshifter) (WizLab)
  6 small abominations (WizLab)
  3 golden eyes (shapeshifter) (WizLab)
  17 humans (D:13)
  21 dancing weapons
  2 basilisks (shapeshifter) (WizLab)
  31 vampire mosquitoes
  2 hungry ghosts
  2 neqoxecs (Depths:1)
  3 wargs
  2 harpy simulacra (IceCv)
  63 nagas
  2 soldier ants (shapeshifter)
  10 insubstantial wisps
  2 iron troll simulacra (IceCv)
  A mottled dragon (D:11)
  23 swamp worms
  6 water moccasins
  2 hydra simulacra (IceCv)
  2 hell hounds (D:11)
  A giant eyeball (shapeshifter) (Vaults:4)
  15 swamp drakes
  8 porcupines
  2 slaves (D:7)
  28 wasps
  A sky beast (D:14)
  47 orc warriors
  2 ettin simulacra (Vaults:2)
  4 ice beasts
  2 phantoms
  8 black bears
  An ice beast (shapeshifter) (WizLab)
  An orc zombie (Vaults:2)
  An eye of draining (D:11)
  48 ogres
  27 wolves
  8 boggarts
  24 centaurs
  A big kobold (shapeshifter) (Vaults:4)
  A human skeleton (Vaults:3)
  22 crocodiles
  2 big kobolds
  4 earth elementals
  A wyvern zombie (D:10)
  19 giant frogs
  4 scorpions
  A water moccasin skeleton (D:8)
  A scorpion (shapeshifter) (WizLab)
  A killer bee (D:7)
  An oklob sapling (Swamp:3)
  7 howler monkeys
  An electric eel (Lair:7)
  10 wights
  4 crimson imps
  2 human simulacra
  A giant frog zombie (D:12)
  2 quasits
  6 hounds
  24 orc priests
  10 jellies
  27 orc wizards
  5 centaur skeletons
  6 giant frog skeletons
  Terence (D:3)
  11 iguanas
  13 worker ants
  36 sheep
  A hound zombie (D:7)
  A hound skeleton (D:11)
  An adder (shapeshifter) (Vaults:3)
  41 river rats
  9 adders
  4 shadow imps
  4 giant eyeballs
  9 oozes
  3 worms
  2 dart slugs (D:1)
  8 giant geckos
  105 orcs
  8 bats
  7 giant cockroaches
  7 goblins
  9 hobgoblins
  18 jackals
  25 kobolds
  4 quokkas
  4 ball pythons
  A giant cockroach zombie (D:5)
  3 giant gecko skeletons
  7 giant newts
  2 jackal skeletons
  9 rats
  A crawling corpse (Elf:3)
  2 pillars of salt
2097 creatures vanquished.

Vanquished Creatures (collateral kills)
  A caustic shrike (Depths:2)
  A quicksilver dragon (Depths:2)
  A fire giant (Depths:2)
  An ettin (Depths:2)
  A centaur warrior (Depths:2)
  An ogre mage (Depths:2)
  A deep elf knight (Vaults:2)
  An orc knight (Orc:2)
  2 large abominations (WizLab)
  A yaktaur (Vaults:2)
  2 redbacks (Depths:2)
  Eustachio (D:4)
  An orc warrior (Orc:2)
  An ogre (Orc:2)
  A crimson imp (D:5)
  An orc wizard (Orc:2)
  A hound skeleton (D:6)
  An orc (Orc:2)
20 creatures vanquished.

Vanquished Creatures (others)
  A deep troll earth mage (Depths:2)
  2 deep troll shamans (Depths:2)
  A shock serpent (shapeshifter) (Depths:2)
  A deep elf mage (Elf:3)
  11 dancing weapons
  An insubstantial wisp (Swamp:4)
  A warg (Vaults:4)
  A giant eyeball (WizLab)
  A swamp drake (Swamp:4)
  An orc warrior (Vaults:4)
  A howler monkey (D:7)
  A worker ant zombie (D:7)
  2 river rats (Lair:8)
  An orc (D:7)
  A briar patch (Swamp:3)
  9 bushes
  43 fungi
  19 pillars of salt
  20 plants
  A snaplasher vine (Elf:3)
  42 snaplasher vine segments
161 creatures vanquished.

Grand Total: 2278 creatures vanquished

Notes
Turn   | Place    | Note
--------------------------------------------------------------
     0 | D:1      | M4edhros the Felid Chaos Knight began the quest for the Orb.
     0 | D:1      | Reached XP level 1. HP: 10/10 MP: 2/2
    74 | D:1      | XOM: silly message
    80 | D:1      | XOM: harmless Chrm miscast
   119 | D:1      | XOM: silly message
   361 | D:1      | XOM: cast spell 'Statue Form'
   372 | D:1      | XOM: give mutations
   372 | D:1      | Gained mutation: You are robust (+10% HP). [Xom's grace]
   372 | D:1      | Gained mutation: You are resistant to hostile enchantments. [Xom's grace]
   693 | D:1      | XOM: colour smoke trail
   799 | D:1      | XOM: 7-stop teleportation journey
   888 | D:1      | XOM: divination: magic mapping
  1245 | D:1      | XOM: god gift: disc of storms
  1254 | D:1      | XOM: silly message
  1504 | D:1      | XOM: noise
  1860 | D:1      | XOM: scenery: 1 doors close
  2269 | D:1      | XOM: medium Summ miscast
  2270 | D:1      | Noticed a smoke demon
  2332 | D:1      | XOM is BORED!
  2332 | D:1      | XOM: polymorph rat -> river rat
  2337 | D:1      | Reached XP level 2. HP: 14/15 MP: 3/3
  2797 | D:1      | XOM: colour smoke trail
  3169 | D:1      | XOM: god gift: meat ration
  3234 | D:1      | XOM: vitrification
  3339 | D:1      | Reached XP level 3. HP: 16/18 MP: 4/4
  3364 | D:1      | XOM: butterfly on damage
  3530 | D:1      | XOM: give mutation
  3647 | D:1      | XOM: draining
  3828 | D:1      | XOM: harmless Tloc miscast
  4160 | D:1      | XOM is BORED!
  4160 | D:1      | XOM: mild Conj miscast
  4165 | D:1      | XOM: draining
  4701 | D:1      | XOM: give mutations
  4701 | D:1      | Gained mutation: Your body sometimes deteriorates upon taking damage. [Xom's mischief]
  4701 | D:1      | Gained mutation: You are partially covered in rough black scales (AC +4, Dex -1). [Xom's mischief]
  4701 | D:1      | Gained mutation: You occasionally shout uncontrollably at your foes. [Xom's mischief]
  5262 | D:1      | XOM: harmless Pois miscast
  5272 | D:1      | XOM: noise
  5599 | D:1      | XOM: harmless Ice miscast
  5824 | D:1      | XOM: divination: detect items
  5894 | D:1      | XOM: divination: detect items
  5909 | D:1      | XOM: give mutations
  5909 | D:1      | Gained mutation: You are agile. (Dex +2) [Xom's grace]
  5909 | D:1      | Gained mutation: You are very robust (+20% HP). [Xom's grace]
  5909 | D:1      | Gained mutation: You have a pair of small horns on your head. [Xom's grace]
  5909 | D:1      | Gained mutation: Your muscles are strong. (Str +2) [Xom's grace]
  5927 | D:2      | XOM: vitrification
  6414 | D:1      | XOM: 1-stop teleportation journey
  6475 | D:1      | XOM: god gift: 13 gold pieces
  6534 | D:1      | XOM: scenery: create altars
  6650 | D:1      | XOM: god gift: fuming grey potion
  6730 | D:1      | XOM: noise
  6772 | D:1      | XOM: noise
  6776 | D:1      | Noticed a wasp
  6776 | D:1      | a howler monkey changed into a wasp
  6781 | D:1      | XOM: enchant monster (good)
  6790 | D:1      | Noticed a fire bat
  6790 | D:1      | a wasp changed into a fire bat
  6821 | D:2      | Reached XP level 4. HP: 21/25 MP: 5/5
  6944 | D:2      | Reached skill level 5 in Unarmed Combat
  8108 | D:2      | XOM: harmless Summ miscast
  8484 | D:2      | XOM: divination: detect creatures
  8629 | D:2      | XOM: colour smoke trail
  8634 | D:2      | XOM: harmless Hex miscast
  8789 | D:2      | XOM: 1-stop teleportation journey
  9264 | D:2      | XOM: give mutation
  9264 | D:2      | Gained mutation: Your magical capacity is low (-10% MP). [Xom's mischief]
  9589 | D:2      | XOM: colour smoke trail
 10900 | D:2      | XOM: mild Air miscast
 10919 | D:3      | Noticed Terence
 10923 | D:3      | XOM: enchant monster (bad)
 10929 | D:3      | XOM: enchant monster (good)
 10932 | D:3      | Killed Terence
 10943 | D:3      | Reached XP level 5. HP: 12/28 MP: 5/5
 11479 | D:3      | XOM: silly message
 12031 | D:3      | XOM: 3-stop teleportation journey
 12032 | D:3      | Noticed an ogre
 12033 | D:3      | XOM: noise
 12036 | D:3      | XOM: fake destruction
 12057 | D:3      | XOM: chaos cloud
 12059 | D:3      | You fall through a shaft for 3 floors!
 12522 | D:6      | XOM: destruction
 12523 | D:6      | XOM: summons friendly crimson imp
 12533 | D:6      | XOM: potion effect (berserk rage)
 12542 | D:6      | Noticed an orc warrior
 12545 | D:6      | XOM: summons friendly iron imp
 12545 | D:6      | Mangled by an orc warrior
 12546 | D:6      | Reached XP level 4. HP: -12/37 MP: 4/4
 12557 | D:5      | Entered Level 5 of the Dungeon
 12557 | D:5      | Found a stormy altar of Qazlal.
 12557 | D:5      | Found an oddly glowing altar of Pakellas.
 12560 | D:5      | Found an iron altar of Okawaru.
 13523 | D:5      | XOM: scenery: create altars
 14032 | D:5      | XOM: god gift: scroll labeled ERGHIU HUONG
 14222 | D:5      | XOM: cast spell 'Statue Form'
 14247 | D:5      | XOM: 2-stop teleportation journey
 14256 | D:5      | Noticed an ogre
 14262 | D:5      | Killed an ogre
 14262 | D:5      | Reached XP level 5. HP: 28/28 MP: 5/5
 14263 | D:5      | Noticed an ogre
 14270 | D:5      | Killed an ogre
 14270 | D:5      | Gained mutation: You are covered in thick fur (AC +2). [Felid growth]
 14270 | D:5      | Reached XP level 6. HP: 14/33 MP: 6/6
 14462 | D:5      | XOM: give mutations
 14462 | D:5      | Gained mutation: You are partially covered in yellow scales (AC +2). [Xom's grace]
 14462 | D:5      | Gained mutation: You possess an exceptional clarity of mind. [Xom's grace]
 14462 | D:5      | Gained mutation: You have a pair of horns on your head. [Xom's grace]
 14462 | D:5      | Gained mutation: You are partially covered in icy blue scales (AC +1). [Xom's grace]
 14477 | D:5      | Reached skill level 1 in Stealth
 15115 | D:5      | XOM is BORED!
 15115 | D:5      | XOM: 1-stop teleportation journey
 15119 | D:5      | XOM: god gift: copper ring {god gift}
 15121 | D:5      | Reached XP level 7. HP: 37/37 MP: 7/7
 15135 | D:5      | XOM: 2-stop teleportation journey
 15151 | D:5      | XOM: polymorph worker ant -> giant eyeball
 15303 | D:4      | XOM: stealth player
 15837 | D:4      | Found a staircase to the Ecumenical Temple.
 15837 | D:4      | XOM: 2-stop teleportation journey
 16530 | D:4      | XOM: 1-stop teleportation journey
 16727 | D:4      | Noticed Eustachio
 16747 | D:4      | Killed Eustachio
 16747 | D:4      | Reached skill level 5 in Stealth
 16840 | D:4      | XOM: god gift: scroll labeled KIHAER EDECI
 16875 | D:4      | Found a snail-covered altar of Cheibriados.
 16888 | D:4      | Reached skill level 5 in Dodging
 16980 | D:4      | Reached XP level 8. HP: 33/43 MP: 8/8
 17010 | D:4      | XOM is BORED!
 17010 | D:4      | XOM: summons 3 hostile demons
 17013 | D:4      | XOM: polymorph iron imp -> crimson imp
 17283 | D:4      | XOM: mild Tloc miscast
 17303 | D:4      | XOM: silly message
 17832 | D:4      | XOM: 1-stop teleportation journey
 17844 | D:4      | XOM: vitrification
 17896 | D:4      | XOM: give mutations
 17896 | D:4      | Gained mutation: You are extremely robust (+30% HP). [Xom's grace]
 17896 | D:4      | Gained mutation: You are very agile. (Dex +4) [Xom's grace]
 18110 | D:4      | XOM: 1-stop teleportation journey
 18157 | D:4      | XOM: 1-stop teleportation journey
 18900 | D:4      | XOM: vitrification
 19049 | D:4      | XOM: noise
 19232 | D:4      | XOM: medium Tloc miscast
 19352 | D:4      | XOM: mild Air miscast
 19913 | D:4      | XOM: vitrification
 20051 | D:4      | Lost mutation: Your magical capacity is low (-10% MP). [potion of mutation]
 20296 | D:4      | XOM: give mutation
 20296 | D:4      | Gained mutation: You have a pair of large horns on your head. [Xom's grace]
 20484 | D:4      | XOM: god gift: 18 gold pieces
 21069 | D:4      | XOM: god gift: shiny plate armour {god gift}
 21112 | D:4      | XOM: colour smoke trail
 21137 | D:4      | XOM: give mutation
 21137 | D:4      | Gained mutation: You are somewhat resistant to further mutation. [Xom's grace]
 21538 | D:4      | XOM is BORED!
 21538 | D:4      | XOM: give mutations
 21538 | D:4      | Lost mutation: You occasionally shout uncontrollably at your foes. [Xom's mischief]
 21538 | D:4      | Lost mutation: Your muscles are strong. (Str +2) [Xom's mischief]
 21538 | D:4      | Lost mutation: You are somewhat resistant to further mutation. [Xom's mischief]
 21895 | D:4      | Noticed a stone giant
 21909 | D:4      | Noticed a green ugly thing
 21973 | D:3      | XOM: 6-stop teleportation journey
 22069 | D:3      | Found a shadowy altar of Dithmenos.
 22404 | Temple   | Entered the Ecumenical Temple
 22616 | Temple   | XOM: colour smoke trail
 23047 | Temple   | XOM is BORED!
 23047 | Temple   | XOM: noise
 23796 | Temple   | XOM: scenery: create altars
 23806 | Temple   | XOM: give mutations
 23806 | Temple   | Lost mutation: You are extremely robust (+30% HP). [Xom's mischief]
 23806 | Temple   | Gained mutation: You are dopey. (Int -2) [Xom's mischief]
 24084 | Temple   | XOM is BORED!
 24084 | Temple   | XOM: mild Tloc miscast
 24319 | Temple   | XOM: harmless Ice miscast
 24483 | Temple   | XOM: noise
 25745 | Temple   | XOM: scenery: create altars
 26112 | Temple   | XOM: god gift: 35 gold pieces
 26183 | Temple   | XOM: colour smoke trail
 26290 | Temple   | XOM: summons 2 hostile demons
 27250 | Temple   | XOM is BORED!
 27250 | Temple   | XOM: stat loss: -1 Dex (19/20)
 27643 | Temple   | XOM: harmless Tloc miscast
 27690 | Temple   | XOM: god gift: leather armour {god gift}
 28124 | Temple   | XOM: 1-stop teleportation journey
 28135 | Temple   | XOM: give mutation
 28135 | Temple   | Gained mutation: You are weak. (Str -2) [Xom's mischief]
 28330 | Temple   | XOM: vitrification
 28716 | Temple   | XOM: mild Hex miscast
 28751 | Temple   | XOM: medium Divn miscast
 28805 | Temple   | XOM: 1-stop teleportation journey
 28832 | Temple   | XOM: give mutations
 28832 | Temple   | Lost mutation: Your body sometimes deteriorates upon taking damage. [Xom's mischief]
 28949 | D:5      | XOM: give mutation
 28949 | D:5      | Lost mutation: You are weak. (Str -2) [Xom's mischief]
 28977 | D:5      | XOM: harmless Divn miscast
 29000 | D:5      | XOM: noise
 29040 | D:5      | XOM: harmless Air miscast
 29058 | D:5      | XOM: summons friendly iron imp
 29314 | D:5      | XOM: silly message
 29319 | D:5      | XOM: harmless Necr miscast
 29507 | D:5      | XOM: harmless Pois miscast
 29738 | D:5      | XOM is BORED!
 29738 | D:5      | XOM: medium Conj miscast
 30053 | D:5      | XOM: scenery: create altars
 30596 | D:5      | XOM: give mutation
 30596 | D:5      | Gained mutation: Your flesh is cold resistant. [Xom's grace]
 31404 | D:5      | XOM: 3-stop teleportation journey
 31452 | D:4      | XOM is BORED!
 31504 | Temple   | XOM: 3-stop teleportation journey
 31726 | Temple   | XOM: vitrification
 32000 | Temple   | XOM: scenery: create altars
 32441 | Temple   | XOM: vitrification
 33335 | Temple   | XOM: scenery: create altars
 34157 | Temple   | XOM: scenery: create altars
 34758 | Temple   | XOM: 2-stop teleportation journey
 34857 | Temple   | XOM: harmless Air miscast
 35018 | Temple   | XOM: harmless Divn miscast
 35023 | D:4      | XOM: summons 2 hostile shadow creatures
 35214 | D:5      | XOM: chaos cloud
 35259 | D:5      | XOM: severe Summ miscast
 35260 | D:5      | Noticed a hellion
 35268 | D:5      | Noticed an ogre mage
 35268 | D:5      | Noticed a two-headed ogre
 35764 | D:6      | You fall through a shaft!
 35769 | D:7      | XOM: harmless Trmt miscast
 35839 | D:6      | XOM: harmless Necr miscast
 35979 | D:7      | Reached skill level 5 in Fighting
 36029 | D:7      | Noticed Pikel
 36033 | D:7      | XOM: divination: detect items
 36048 | D:7      | Killed Pikel
 36048 | D:7      | Reached XP level 9. HP: 23/48 MP: 10/10
 36048 | D:7      | XOM: harmless Pois miscast
 36052 | D:7      | Reached skill level 10 in Stealth
 36167 | Temple   | Fell from the grace of Xom
 36167 | Temple   | Became a worshipper of Zin the Law-Giver
 36167 | Temple   | Reached * piety under Zin
 36167 | Temple   | Reached ** piety under Zin
 36580 | D:7      | Reached skill level 1 in Invocations
 36840 | D:8      | Reached skill level 2 in Invocations
 37127 | D:8      | Reached skill level 3 in Invocations
 37318 | D:8      | XOM: mild Necr miscast
 37475 | D:8      | XOM: medium Conj miscast
 37690 | D:9      | Reached skill level 4 in Invocations
 37702 | D:9      | Reached *** piety under Zin
 37833 | D:9      | Reached XP level 10. HP: 55/55 MP: 14/14
 37951 | D:9      | Found a sparkling altar of Nemelex Xobeh.
 37974 | D:9      | XOM: mild Air miscast
 38138 | D:9      | Found Fabeiklu's Food Shoppe.
 38493 | D:10     | Entered Level 10 of the Dungeon
 38514 | D:10     | Found a staircase to the Orcish Mines.
 38592 | D:10     | Found Huotiod's Magic Scroll Emporium.
 38600 | D:10     | Bought a scroll of identify for 22 gold pieces
 38600 | D:10     | Bought a scroll of identify for 22 gold pieces
 38600 | D:10     | Bought a scroll of blinking for 82 gold pieces
 38600 | D:10     | Bought a scroll of identify for 22 gold pieces
 38600 | D:10     | Bought a scroll of identify for 22 gold pieces
 38670 | D:10     | Found Kazi's Gadget Boutique.
 38704 | D:10     | Reached skill level 5 in Invocations
 38859 | D:10     | Noticed a hill giant
 39034 | D:9      | XOM: noise
 39109 | D:10     | Found Taafino's Assorted Antiques.
 39112 | D:10     | Bought a scroll labeled OVUKLI MU JEU for 22 gold pieces
 39112 | D:10     | Bought a scroll of identify for 44 gold pieces
 39112 | D:10     | Bought a scroll labeled ROCZEU YRCHU for 22 gold pieces
 39159 | D:10     | Noticed a hill giant
 39428 | D:10     | XOM: mild Summ miscast
 39670 | D:11     | Found a staircase to the Lair.
 39951 | D:10     | Killed a hill giant
 40039 | Orc:1    | Entered Level 1 of the Orcish Mines
 40047 | Orc:1    | Reached **** piety under Zin
 40049 | Orc:1    | XOM: harmless Air miscast
 40154 | Orc:1    | Reached skill level 6 in Invocations
 40154 | Orc:1    | Reached skill level 1 in Evocations
 40206 | Orc:1    | XOM: harmless Tloc miscast
 40207 | Orc:2    | Entered Level 2 of the Orcish Mines
 40207 | Orc:2    | Found Keow's Antique Weapon Emporium.
 40207 | Orc:2    | Found a roughly hewn altar of Beogh.
 40210 | Orc:2    | Noticed an orc knight
 40212 | Orc:2    | Noticed an orc sorcerer
 40393 | Orc:1    | XOM: harmless Chrm miscast
 40584 | D:11     | XOM: harmless Ice miscast
 40598 | D:11     | Noticed Harold
 40699 | D:11     | XOM: mild Summ miscast
 40717 | D:11     | Killed Harold
 40889 | D:11     | XOM: silly message
 41164 | D:11     | Reached XP level 11. HP: 55/60 MP: 14/17
 41202 | D:11     | XOM: mild Trmt miscast
 41256 | D:11     | XOM: noise
 41276 | D:11     | Noticed an unseen horror
 41290 | D:11     | Killed an unseen horror
 41290 | D:11     | Reached skill level 7 in Invocations
 41434 | D:11     | XOM: medium Ice miscast
 41503 | D:12     | Reached skill level 10 in Dodging
 41513 | D:12     | Noticed a hill giant
 41520 | D:12     | Killed a hill giant
 41537 | D:12     | Noticed a cyan ugly thing
 41540 | D:12     | Killed a cyan ugly thing
 41587 | D:12     | Noticed Nessos
 41590 | D:12     | Killed Nessos
 41600 | D:12     | Noticed namelastname112's ghost (journeyman DEMo)
 41671 | D:11     | Reached skill level 8 in Invocations
 41691 | Lair:1   | Entered Level 1 of the Lair of Beasts
 41761 | Lair:1   | Reached ***** piety under Zin
 41769 | Lair:1   | XOM: 1-stop teleportation journey
 42065 | Lair:1   | XOM: mild Pois miscast
 42094 | Lair:1   | Noticed Fannar
 42161 | Lair:1   | Killed Fannar
 42161 | Lair:1   | Reached skill level 9 in Invocations
 42161 | Lair:1   | Reached skill level 5 in Evocations
 42545 | Lair:2   | Found a labyrinth entrance.
 42557 | Lab      | Entered a labyrinth
 42591 | Lab      | XOM: mild Hex miscast
 42659 | Lab      | Noticed a minotaur
 42715 | Lab      | Killed a minotaur
 42766 | Lab      | Got a clouded steel ring
 42767 | Lab      | Identified the ring "Raehisa" {+Fly rC+ rN+ MR+ SInv} (You found it in a labyrinth)
 42837 | Lair:2   | Gained mutation: Your thick and shaggy fur keeps you warm (AC +3, rC+). [Felid growth]
 42837 | Lair:2   | Reached XP level 12. HP: 50/67 MP: 14/20
 43013 | Lair:2   | Reached skill level 10 in Invocations
 43501 | Lair:2   | Noticed a four-headed hydra
 43776 | Lair:2   | You fall through a shaft for 2 floors!
 44000 | Lair:4   | Reached skill level 11 in Invocations
 44190 | Lair:4   | Noticed Rupert
 44197 | Lair:4   | Killed Rupert
 44237 | Lair:5   | XOM: medium Ice miscast
 44375 | Lair:5   | XOM: give mutation
 44453 | Lair:5   | XOM: medium Ice miscast
 44775 | Lair:4   | Reached skill level 15 in Stealth
 44832 | Lair:4   | Noticed Urug
 44839 | Lair:4   | Killed Urug
 44910 | Lair:4   | Reached XP level 13. HP: 70/70 MP: 22/22
 45059 | Lair:4   | XOM: summons 1 hostile demon
 45059 | Lair:4   | Was forgiven by Xom
 45108 | Lair:3   | Reached skill level 12 in Invocations
 45244 | Lair:3   | Found a staircase to the Swamp.
 46388 | Lair:5   | Learned a level 3 spell: Tukima's Dance
 46392 | Lair:5   | Learned a level 3 spell: Dazzling Spray
 46397 | Lair:5   | Learned a level 4 spell: Passage of Golubria
 46452 | Lair:5   | Found a staircase to the Snake Pit.
 46580 | Lair:5   | Reached skill level 1 in Hexes
 46871 | Lair:5   | Found an oddly glowing altar of Pakellas.
 48664 | Lair:7   | Reached skill level 13 in Invocations
 48701 | Lair:7   | Reached ****** piety under Zin
 48762 | Lair:7   | Reached skill level 5 in Hexes
 48801 | Lair:7   | Noticed Snorg
 48830 | Lair:7   | Killed Snorg
 49235 | Lair:7   | Reached XP level 14. HP: 61/75 MP: 23/25
 49855 | Lair:5   | Learned a level 3 spell: Confuse
 49925 | Lair:8   | Entered Level 8 of the Lair of Beasts
 50379 | Lair:8   | Reached skill level 10 in Evocations
 50683 | Lair:8   | Found a staircase to the Slime Pits.
 50882 | Lair:8   | Reached skill level 14 in Invocations
 52405 | Orc:2    | Found a roughly hewn altar of Beogh.
 52406 | Orc:2    | Found Areosaf's Gadget Shop.
 52427 | Orc:2    | Noticed Josephine
 52466 | Orc:2    | Noticed Donald
 52484 | Orc:2    | Killed Donald
 52489 | Orc:2    | Killed Josephine
 52628 | Orc:2    | Found a roughly hewn altar of Beogh.
 52872 | Orc:2    | Noticed an orc warlord
 52996 | Orc:2    | Killed an orc warlord
 53030 | Orc:2    | Reached skill level 15 in Invocations
 53249 | Orc:2    | Reached skill level 10 in Hexes
 53479 | Orc:2    | Found a roughly hewn altar of Beogh.
 53511 | Orc:2    | Found a staircase to the Elven Halls.
 53731 | Orc:2    | Found a roughly hewn altar of Beogh.
 53731 | Orc:2    | Found Nuul's Antique Armour Boutique.
 53742 | Orc:2    | Found Lellall's Antique Weapon Shop.
 53829 | Orc:2    | Found a roughly hewn altar of Beogh.
 53841 | Orc:2    | Found Miqil's Weapon Shoppe.
 53996 | D:12     | Identified 4 scrolls of acquirement
 54309 | D:12     | Killed namelastname112's ghost
 54623 | D:13     | Reached XP level 15. HP: 66/80 MP: 23/27
 55001 | D:13     | Found a gate to the Vaults.
 56321 | D:13     | Got a warped pewter amulet
 56553 | D:14     | Reached skill level 16 in Invocations
 56765 | D:14     | Found a shimmering altar of Xom.
 56854 | D:14     | You fall through a shaft!
 56854 | D:15     | Entered Level 15 of the Dungeon
 57089 | D:15     | Identified the amulet "Juejaun" {Reflect rPois MP+9 Str-3 SH+3 Stlth+} (You found it on level 13 of the Dungeon)
 57400 | D:15     | Found a staircase to the Depths.
 57422 | D:15     | Reached skill level 1 in Spellcasting
 57736 | D:14     | Noticed Sonja
 57743 | D:14     | Killed Sonja
 58089 | Snake:1  | Entered Level 1 of the Snake Pit
 58116 | Snake:1  | Got a brightly glowing brass ring
 58118 | Snake:1  | Identified the ring "Tanyenes" {Ice *Corrode rN+++ Str-2 Stlth+} (You acquired it on level 1 of the Snake Pit)
 58841 | Lair:5   | Reached skill level 1 in Conjurations
 58842 | Lair:5   | Upgraded the game from 0.18-a0-1718-g40ea4b6 to 0.18-a0-1721-gc4d1f22
 59886 | Snake:1  | Reached skill level 10 in Fighting
 59896 | Snake:1  | Reached XP level 16. HP: 15/87 MP: 2/29
 59896 | Snake:1  | Slain by a salamander
 59897 | Snake:1  | Reached XP level 15. HP: -2/82 MP: 0/28
 60471 | Snake:2  | Noticed Aizul
 61047 | Snake:2  | Killed Aizul
 61107 | Snake:2  | Noticed Vashnia
 62007 | Snake:2  | Killed Vashnia
 62668 | Snake:2  | Reached skill level 10 in Unarmed Combat
 63096 | Snake:2  | HP: 3/84 [naga sharpshooter/bolt[Vashnia] (24)]
 63499 | Snake:2  | Noticed a greater naga
 63506 | Snake:2  | Killed a greater naga
 63787 | Snake:3  | Noticed a greater naga
 63804 | Snake:3  | Killed a greater naga
 64097 | Snake:4  | Entered Level 4 of the Snake Pit
 64186 | Snake:3  | Reached XP level 16. HP: 42/90 MP: 22/29
 64401 | Snake:4  | Reached skill level 5 in Spellcasting
 67208 | Snake:4  | Reached skill level 5 in Conjurations
 67508 | Snake:3  | Reached skill level 17 in Invocations
 68287 | Snake:4  | Reached XP level 17. HP: 60/94 MP: 23/30
 70309 | Snake:4  | Killed from afar by a guardian serpent
 70310 | Snake:4  | Reached XP level 16. HP: 0/91 MP: 0/29
 70418 | Snake:4  | Learned a level 4 spell: Cause Fear
 70422 | Snake:4  | Learned a level 3 spell: Gell's Gravitas
 70426 | Snake:4  | Learned a level 3 spell: Inner Flame
 70537 | Snake:4  | Reached skill level 1 in Translocations
 71474 | Snake:4  | Got a serpentine rune of Zot
 71757 | Swamp:1  | Entered Level 1 of the Swamp
 72223 | Swamp:1  | Noticed AmuletOfHam's ghost (adept OpTm)
 72334 | Swamp:1  | Noticed a thorn hunter
 72336 | Swamp:1  | Killed a thorn hunter
 72369 | Swamp:1  | Killed AmuletOfHam's ghost
 72665 | Swamp:2  | Found a frozen archway.
 72721 | IceCv    | Entered an ice cave
 73156 | IceCv    | Reached XP level 17. HP: 85/97 MP: 19/30
 73217 | Swamp:2  | Reached XP level 18. HP: 102/102 MP: 31/31
 73528 | Swamp:2  | Reached skill level 15 in Dodging
 73650 | Swamp:2  | Reached skill level 5 in Translocations
 74037 | Swamp:3  | Reached skill level 15 in Hexes
 74163 | Swamp:3  | Noticed Jorgrun
 74266 | Swamp:3  | Killed Jorgrun
 75289 | Swamp:3  | Learned a level 5 spell: Summon Forest
 75415 | Swamp:3  | Noticed Louise
 75998 | Swamp:3  | Killed Louise
 76131 | Swamp:4  | Entered Level 4 of the Swamp
 76198 | Swamp:4  | Reached skill level 1 in Summonings
 76364 | Swamp:4  | Reached skill level 18 in Invocations
 77246 | Swamp:4  | Noticed Mara
 77461 | Swamp:4  | Killed Mara
 77546 | Swamp:4  | Noticed the 27-headed Lernaean hydra
 78629 | Swamp:4  | Killed the 27-headed Lernaean hydra
 78682 | Swamp:4  | Got a decaying rune of Zot
 79168 | Elf:1    | Entered Level 1 of the Elven Halls
 79198 | Elf:1    | Reached XP level 19. HP: 106/106 MP: 33/33
 79207 | Elf:1    | Found Ricocs Ciqu's Assorted Antiques.
 79267 | Elf:1    | Bought a scroll of summoning for 171 gold pieces
 79267 | Elf:1    | Bought a potion of might for 72 gold pieces
 79267 | Elf:1    | Bought a potion of magic for 144 gold pieces
 79267 | Elf:1    | Bought a potion of curing for 54 gold pieces
 80185 | Elf:1    | Noticed Roxanne
 80745 | Elf:1    | Killed Roxanne
 80747 | Elf:1    | Identified Roxanne's Tome of Moulding (You took it off Roxanne on level 1 of the Elven Halls)
 80753 | Elf:1    | Learned a level 3 spell: Mephitic Cloud
 80861 | Elf:2    | Reached skill level 1 in Air Magic
 80903 | Elf:2    | Found a runed gate.
 80903 | Elf:2    | Found a runed gate.
 80903 | Elf:2    | Found a runed gate.
 80992 | Elf:2    | Reached skill level 5 in Summonings
 81340 | Elf:3    | Entered Level 3 of the Elven Halls
 81940 | Elf:3    | Reached skill level 19 in Invocations
 81974 | Elf:3    | Zin protects you from harm!
 82344 | Elf:3    | Reached skill level 10 in Translocations
 82765 | Elf:3    | Reached skill level 1 in Poison Magic
 83757 | Elf:3    | HP: 2/106 [trident of protection (13)]
 84933 | Elf:3    | Reached XP level 20. HP: 78/111 MP: 23/34
 85029 | Elf:3    | Got a brightly glowing zirconium amulet
 85030 | Elf:3    | Identified the amulet "Tuoka" {Dismiss rElec rC+ Dex+3} (You took it off a deep elf demonologist on level 3 of the Elven Halls)
 85168 | Elf:3    | Got a sparkling bone amulet
 85169 | Elf:3    | Identified the amulet of Taorag {Spirit rF+ SInv} (You took it off a deep elf archer on level 3 of the Elven Halls)
 85627 | Elf:3    | Learned a level 2 spell: Repel Missiles
 85678 | Elf:3    | Identified the Almanac of Ashen Venom (You found it on level 3 of the Elven Halls)
 86131 | Vaults:1 | Entered Level 1 of the Vaults
 86326 | Vaults:1 | Found Foubia's Weapon Shop.
 86552 | Vaults:1 | Noticed Asterion
 87133 | Vaults:1 | Killed Asterion
 87540 | Vaults:1 | Reached skill level 20 in Invocations
 88484 | Vaults:2 | Noticed Sojobo
 89473 | Vaults:2 | Found a staircase to the Crypt.
 89475 | Vaults:2 | Reached skill level 21 in Invocations
 89834 | Vaults:2 | Found Ciguv's Armour Emporium.
 89908 | Vaults:2 | Annihilated by a tengu reaver
 89909 | Vaults:2 | Reached XP level 19. HP: -28/106 MP: 10/34
 89961 | Vaults:2 | Reached XP level 20. HP: 101/111 MP: 32/35
 90505 | Vaults:3 | Found a magical portal.
 90524 | WizLab   | Entered Cigotuvi's Fleshworks
 91503 | WizLab   | Identified Cigotuvi's Handbook of Changing and Darkness
 91688 | WizLab   | Reached skill level 22 in Invocations
 91716 | WizLab   | Paralysed by a giant eyeball for 2 turns
 91745 | WizLab   | Got a pitted lead ring
 91750 | WizLab   | Identified the ring "Xuova" {rN+ Int+4 Slay+4} (You found it in a wizard's laboratory)
 93848 | Vaults:3 | Reached skill level 23 in Invocations
 93969 | Vaults:4 | Noticed Jory
 94948 | Vaults:4 | Reached XP level 21. HP: 88/116 MP: 30/37
 96661 | Vaults:4 | Found a roughly hewn altar of Beogh.
 97186 | Vaults:4 | Reached skill level 24 in Invocations
 97253 | Vaults:4 | Found a portal to a secret trove of treasure.
 97377 | Trove    | Entered a treasure trove
 97389 | Trove    | Identified the Compendium of Hurtful Flames
 97392 | Trove    | Identified the Volume of Lightness
 97395 | Trove    | Identified Sif Muna's Guide on Supportive Attacks
 97398 | Trove    | Identified Sif Muna's Collected Works on the Creative Glacier
 97414 | Trove    | Identified Sif Muna's Compendium of Floating Attacks
 97459 | Vaults:4 | Learned a level 2 spell: Shroud of Golubria
 97474 | Vaults:4 | Upgraded the game from 0.18-a0-1721-gc4d1f22 to 0.18-a0-1730-g73f0523
 97953 | Temple   | Fell from the grace of Zin
 97953 | Temple   | Became a worshipper of Elyvilon the Healer
 97955 | Temple   | Fell from the grace of Elyvilon
 97955 | Temple   | Became a worshipper of Xom of Chaos
 97964 | Temple   | Fell from the grace of Xom
 97964 | Temple   | Became a worshipper of Zin the Law-Giver
 97975 | Temple   | Fell from the grace of Zin
 97975 | Temple   | Became a worshipper of Elyvilon the Healer
 97976 | Temple   | Lost mutation: You are very agile. (Dex +4) [potion of mutation]
 97976 | Temple   | Lost mutation: You are resistant to hostile enchantments. [potion of mutation]
 97977 | Temple   | Lost mutation: You are dopey. (Int -2) [potion of mutation]
 97977 | Temple   | Lost mutation: You have a pair of large horns on your head. [potion of mutation]
 97978 | Temple   | Gained mutation: You are occasionally teleported next to monsters. [potion of mutation]
 97978 | Temple   | Gained mutation: You are very agile. (Dex +4) [potion of mutation]
 97979 | Temple   | Lost mutation: You have a pair of horns on your head. [potion of mutation]
 97979 | Temple   | Gained mutation: Your spells are a little easier to cast, but a little less powerful. [potion of mutation]
 97979 | Temple   | Gained mutation: You expend magic power (3 MP) to strengthen your wands. [potion of mutation]
 97980 | Temple   | Lost mutation: You are very agile. (Dex +4) [potion of mutation]
 97981 | Temple   | Lost mutation: You expend magic power (3 MP) to strengthen your wands. [potion of mutation]
 97982 | Temple   | Gained mutation: You are resistant to hostile enchantments. [potion of mutation]
 97982 | Temple   | Lost mutation: You are very robust (+20% HP). [potion of mutation]
 97982 | Temple   | Lost mutation: You are resistant to hostile enchantments. [potion of mutation]
 97983 | Temple   | Lost mutation: You are agile. (Dex +2) [potion of mutation]
 97984 | Temple   | Gained mutation: You are agile. (Dex +2) [potion of mutation]
 97985 | Temple   | Gained mutation: Your flesh is heat resistant. [potion of beneficial mutation]
 97986 | Temple   | Gained mutation: You evolve. [potion of beneficial mutation]
 97988 | Temple   | Gained mutation: Your muscles are strong. (Str +2) [potion of beneficial mutation]
 98097 | Temple   | Fell from the grace of Elyvilon
 98097 | Temple   | Became a worshipper of Zin the Law-Giver
 98100 | Temple   | Donated 1677 gold pieces to Zin
 98379 | Depths:1 | Entered Level 1 of the Depths
 98408 | Depths:1 | Found a gateway to Hell.
 98427 | Depths:1 | Found a one-way gate to the infinite horrors of the Abyss.
 98569 | Depths:1 | XOM: mild Erth miscast
 98694 | Depths:1 | Found a one-way gate leading to the halls of Pandemonium.
 98807 | Depths:1 | HP: 2/106 [spark wasp (10)]
 99158 | Temple   | Fell from the grace of Zin
 99158 | Temple   | Became a worshipper of Elyvilon the Healer
 99158 | Temple   | Reached * piety under Elyvilon
 99559 | Depths:1 | Lost mutation: Your flesh is heat resistant. [mutagenic meat]
 99560 | Depths:1 | Gained mutation: Your flesh is heat resistant. [mutagenic meat]
 99992 | Depths:1 | Found an opulent altar of Gozag.
100222 | Depths:1 | XOM: give mutations
100222 | Depths:1 | Lost mutation: Your spells are a little easier to cast, but a little less powerful. [Xom's mischief]
100222 | Depths:1 | Lost mutation: Your muscles are strong. (Str +2) [Xom's mischief]
100309 | Depths:1 | Reached ** piety under Elyvilon
101235 | Depths:2 | XOM: 1-stop teleportation journey
101335 | Depths:2 | Lost mutation: You are robust (+10% HP). [mutagenic meat]
101336 | Depths:2 | Gained mutation: Your system is resistant to poisons. [mutagenic meat]
101337 | Depths:2 | Gained mutation: You are resistant to hostile enchantments. [mutagenic meat]
101351 | Depths:2 | Noticed a caustic shrike
101379 | Depths:2 | Found a gateway to a ziggurat.
101435 | Depths:2 | Noticed a caustic shrike
101436 | Depths:2 | Noticed a caustic shrike
101437 | Depths:2 | Noticed a caustic shrike
101438 | Depths:2 | Noticed a caustic shrike
101453 | Depths:2 | HP: 3/97 [acid (5)]
101457 | Depths:2 | Killed a caustic shrike
101893 | Depths:2 | Pacified a caustic shrike
101894 | Depths:2 | Pacified a caustic shrike
101914 | Depths:2 | Killed a caustic shrike
102034 | Depths:1 | XOM: god gift: encrusted chain mail {god gift}
102035 | Depths:1 | Got an encrusted chain mail {god gift}
102224 | Depths:2 | Noticed a caustic shrike
102295 | Depths:2 | Reached XP level 22. HP: 33/101 MP: 7/39
102300 | Depths:2 | Slain by an entropy weaver
102301 | Depths:2 | Reached XP level 21. HP: -4/97 MP: 0/38
102326 | Depths:2 | XOM: stat loss: -3 Str (5/8)
102359 | Depths:1 | HP: 3/97 [acid (4)]
102360 | Depths:1 | Mangled by a caustic shrike
102361 | Depths:1 | Reached XP level 20. HP: -13/93 MP: 0/37
102410 | Depths:1 | HP: 3/93 [white very ugly thing (11)]
102448 | Depths:1 | Lost mutation: You evolve. [mutagenic meat]
102829 | Depths:2 | HP: 2/93 [hell knight/scimitar (13)]
102838 | Depths:2 | HP: 1/93 [rakshasa/orb of energy (3)]
102915 | Depths:2 | Slain by a cyan ugly thing

Vault maps used:
D:1:      minmay_arrival_four_loops, serial_corexii_hall,
          corexii_hall_statues_i, corexii_hall_statues_i,
          corexii_hall_statues_i, corexii_hall_statues_i, st_stairs_1
D:2:      nemelex_dance_club_becter
D:3:      grunt_dithmenos_smoke_and_mirrors, uniq_terence
D:4:      overflow_temple_1_default, minmay_temple_entry_fiery, uniq_eustachio
D:5:      nicolae_overflow_hidden_temple, first_bread
D:7:      minmay_misc_feat_pillars, kennysheep_generic_room_8, uniq_pikel
D:9:      serial_shops, nicolae_shop_scaring_up_business,
          hangedman_little_slice_of_home, nemelex_diamond_rough_becter
D:10:     orc_0_dummy, serial_shops, nicolae_shop_statue_plus,
          kennysheep_mini_moat, shop
D:11:     minmay_lair_entry_lava, st_stairs_1, hangedman_abyss_or_decor_clamps,
          uniq_harold
D:12:     grunt_ministairs_1, uniq_nessos
D:13:     grunt_vaults_entry_tiered, st_stairs_6
D:14:     lemuel_statue_altar, uniq_sonja
D:15:     grunt_enter_depths_hoard, nicolae_twisting_strands
Temple:   nicolae_temple_the_god_donut
Lair:1:   uniq_fannar
Lair:2:   lab_entry_generic, minmay_hedge_maze
Lair:3:   swamp_mist_pool, beast_lair_carwin_5, lemuel_fruit_tree
Lair:4:   uniq_urug, uniq_rupert
Lair:5:   guppyfry_snake_entry_garden, basic_altar, st_stairs_3
Lair:6:   minmay_holes, grunt_megastairs_1
Lair:7:   beast_lair_carwin_8, serial_bayou_shore_a, grunt_megastairs_4,
          uniq_snorg
Lair:8:   minmay_lair_end_enchanted_forest, nicolae_slime_entry_slimehenge
Swamp:1:  nicolae_swamp_dense_foliage, swamp_pool1
Swamp:2:  portal_ice_cave_entry_pillars_01, evilmike_swamp_ruin_house_3,
          swamp_pool1, grunt_witch_cave
Swamp:3:  nicolae_swamp_phyte_club, infiniplex_staircase_pool, uniq_jorgrun,
          uniq_louise
Swamp:4:  grunt_swamp_rune_castle, swamp_pool5, uniq_mara
Snake:2:  uniq_aizul, uniq_vashnia
Snake:4:  grunt_snake_rune_spirals
Orc:1:    nicolae_volcano_entry_two_sided, nicolae_orc_crystal_geode
Orc:2:    grunt_orc_community_town_hall, grunt_orc_community_big_house_1,
          grunt_orc_community_big_house_2, grunt_orc_community_house_1,
          grunt_orc_community_house_3, grunt_orc_community_house_2,
          grunt_orc_community_house_2, grunt_orc_community_house_1,
          serial_shops, shop, basic_altar, nicolae_orc_damp_corner, uniq_donald,
          uniq_josephine
Elf:1:    serial_shops, nicolae_shop_overgrown_old_shop,
          minmay_elf_crystal_heptagon, st_stairs_12,
          serial_sigils_hangedman_quiver, uniq_roxanne
Elf:3:    minmay_elf_hall_golems, feat_on_display
Vaults:1: v_misc_11, vaults_room_stairs_pillars, v_misc_18,
          ontoclasm_vaults_spin, v_alt_pattern_5, v_pattern_2, v_rooms_5,
          hangedman_vaults_corner_blocks, vaults_mumra_chevron_long,
          vaults_dpeg_hooks, ontoclasm_vaults_claustrophobia,
          vaults_room_semicircle, grunt_vaults_hallway_long, serial_shops, shop,
          uniq_asterion
Vaults:2: minmay_crypt_entry_simple_box, v_misc_18, v_alt_pattern_4,
          dpeg_vaults_monster_box, vaults_mumra_chevron, v_misc_8, v_pattern_4,
          hangedman_vaults_hat, vaults_dpeg_ring, uniq_sojobo
Vaults:3: grunt_vaults_bifocal, hangedman_vaults_snaps, vaults_room_pools,
          v_rooms_6, nicolae_vaults_sealed_display, vaults_room_stairs_pillars,
          vaults_standard_mumra_enter_the_diamond,
          nicolae_vaults_little_squares_4, ontoclasm_vaults_decontamination,
          vaults_room_fours, stair_cage_open, mu_enter_wizlab_6
Vaults:4: v_misc_12, nicolae_vaults_windows_and_doors_thing,
          vaults_mumra_minichess, nicolae_vaults_diagonal_hallway_9,
          vaults_mumra_lcd, v_rooms_6, ontoclasm_vaults_eye, v_misc_24,
          vaults_room_semicircle, v_misc_25, ontoclasm_vaults_gateway,
          ontoclasm_vaults_tryst, special_room_vaults, enter_trove_1, uniq_jory
Depths:1: kennysheep_large_spiral, nicolae_benzene_ring, abyss_entry,
          hell_entry, rand_demon_pan_entry_1, kennysheep_flooded_box,
          kennysheep_just_a_vault
Depths:2: minmay_blocking_statues, enter_ziggurat_b, hell_entry,
          infiniplex_staircase_pillars_1
Lab:      labyrinth_spiral, nicolae_lab_swirl
Trove:    trove_library
IceCv:    ice_cave_tombish
WizLab:   wizlab_cigotuvi

Skill      XL: |  1  2  3  4  5  6  7  8  9 10 11 12 13 14 15 16 17 18 19 20 21 |
---------------+----------------------------------------------------------------+-----
Unarmed Combat | 4 7 6 8 10 12 | 12.2
Stealth        | 3 6 9 11 12 13 15 16 | 16.8
Dodging        | 5 7 8 9 10 12 13 14 15 16 17 18 | 18.5
Fighting       | 5 6 7 8 11 12 13 | 13.2
Invocations    | 4 6 9 11 13 15 16 17 18 19 23 24 | 24.7
Evocations     | 2 5 7 9 10 | 10.4
Hexes          | 6 10 12 14 15 | 15.1
Spellcasting   | 4 5 6 7 9 |  9.2
Conjurations   | 4 5 |  5.6
Translocations | 4 8 11 12 | 12.3
Summonings     | 4 5 |  5.6
Air Magic      | 3 4 |  4.7
Poison Magic   | 3 4 |  4.0

Action                   |  1- 3 |  4- 6 |  7- 9 | 10-12 | 13-15 | 16-18 | 19-21 | 22-24 || total
-------------------------+-------+-------+-------+-------+-------+-------+-------+-------++-------
Melee: Unarmed           |   121 |   138 |   341 |   559 |  2071 |  1424 |  2435 |     1 ||  7090
 Cast: Tukima's Dance    |       |       |       |       |    53 |     2 |     1 |       ||    56
       Confuse           |       |       |       |       |    81 |    42 |     8 |       ||   131
       Dazzling Spray    |       |       |       |       |     5 |   224 |    67 |       ||   296
       Passage of Golubr |       |       |       |       |       |     7 |     4 |       ||    11
       Mephitic Cloud    |       |       |       |       |       |       |    68 |       ||    68
       Gell's Gravitas   |       |       |       |       |       |       |     2 |       ||     2
       Summon Forest     |       |       |       |       |       |       |     9 |       ||     9
       Cause Fear        |       |       |       |       |       |       |     1 |       ||     1
       Repel Missiles    |       |       |       |       |       |       |     8 |       ||     8
Invok: Recite            |       |       |       |     1 |    43 |    38 |    75 |       ||   157
       Vitalisation      |       |       |       |     5 |    21 |    44 |    64 |       ||   134
       Imprison          |       |       |       |       |       |       |    11 |       ||    11
       Sanctuary         |       |       |       |       |       |       |     1 |       ||     1
       Heal Other        |       |       |       |       |       |       |     4 |       ||     4
       Lesser Healing    |       |       |       |       |       |       |     3 |       ||     3
       Donate Gold       |       |       |       |       |       |       |     1 |       ||     1
Evoke: Wand              |       |       |       |     9 |    18 |    18 |    34 |     1 ||    80
       Stone of tremors  |       |       |       |       |     1 |       |     2 |       ||     3
       Fan of gales      |       |       |       |       |       |       |     3 |       ||     3
  Use: Potion            |     1 |     1 |     1 |     1 |    12 |     1 |    31 |       ||    48
       Scroll            |       |       |    15 |    16 |    25 |    14 |    19 |       ||    89
 Stab: Distracted        |     1 |       |    11 |     5 |    11 |    12 |    21 |       ||    61
       Sleeping          |     1 |     3 |    14 |    47 |    97 |    27 |   103 |       ||   292
       Paralysed         |       |     1 |       |       |     9 |     2 |    31 |       ||    43
       Invisible         |       |       |       |     2 |     9 |    75 |    16 |       ||   102
       Confused          |       |       |       |       |    39 |    50 |    73 |       ||   162
  Eat: Chunk             |    19 |    12 |    46 |    17 |    46 |    32 |    27 |       ||   199
       Beef jerky        |       |       |     1 |       |       |       |     2 |       ||     3
       Pizza             |       |       |       |       |     4 |     1 |     1 |       ||     6
       Royal jelly       |       |       |       |       |     2 |     4 |     9 |       ||    15
       Meat ration       |       |       |       |       |       |       |     2 |       ||     2
